Panthers vs Lightning

Created - 1 novembre 2018 at 18:01

Goals
1 2 3 T
Panthers 0 2 0 2
Lightning 2 3 1 6
Shots
1 2 3 T
Panthers 10 6 13 29
Lightning 21 17 18 56

1st period

1. Lightning , Drew Stafford 1 (Patric Hornqvist 4, Kyle Quincey 1) at 5:12
2. Lightning , Jussi Jokinen 1 (Erik Gudbranson 7, Trevor Daley 5) at 9:38

Penalties :
Erik Gudbranson (TBL) for Hooking (Minor) at 3:01, Drew Doughty (FLA) for Hooking (Minor) at 18:14

2nd period

3. Panthers , Logan Couture 5 (Joe Thornton 6, Andy Greene 2) at 4:01
4. Lightning , Matt Hendricks 2 (Henrik Zetterberg 2, Brad Hunt 1) at 9:03
5. Panthers , T.J. Brodie 2 (Drew Doughty 4, Tyler Seguin 8) at 15:12 (PP)
6. Lightning , Travis Zajac 7 (Tobias Rieder 4, Erik Gudbranson 8) at 16:14 (PP)
7. Lightning , Johnny Gaudreau 3 (Patric Hornqvist 5, Brad Malone 2) at 19:10

Penalties :
Jacob Trouba (FLA) for Slashing (Minor) at 9:26, Patric Hornqvist (TBL) for High sticking (Minor) at 14:04, Joe Thornton (FLA) for Roughing (Minor) at 15:48

3rd period

8. Lightning , Brad Malone 2 (Patric Hornqvist 6) at 12:23

Penalties :
Nikolaj Ehlers (FLA) for Charging (Minor) at 3:57, Andrej Sekera (TBL) for Tripping (Minor) at 14:38

Goalie Stats

Braden Holtby (FLA), 50 saves from 56 shots - (0.893), L, 1-4-0, 60:00 minutes
Kari Lehtonen (TBL), 27 saves from 29 shots - (0.931), W, 4-2-1, 60:00 minutes

Players Stats for Panthers

Player Name              G  A  P  +/- PIM S  H  SB GA TA FO     MP     PP MP  PK MP  
------------------------------------------------------------------------------------
Adam Henrique            0  0  0  -2  0   0  0  0  0  0  9/13   11:11   0:00   1:47 
Alexander Kerfoot        0  0  0  -2  0   1  0  0  0  0  0/1     9:49   0:00   0:25 
Andy Greene              0  1  1   0  0   0  1  2  0  0  0/0    11:23   0:00   0:25 
Blake Wheeler            0  0  0  -2  0   2  4  0  0  0  0/0    20:22   2:17   0:00 
Charlie McAvoy           0  0  0  -2  0   1  3  2  0  0  0/0    23:11   2:35   3:31 
Drew Doughty             0  1  1  -2  2   0  5  2  0  0  0/0    24:50   2:31   1:52 
Francois Beauchemin      0  0  0   0  0   1  2  0  0  0  0/0    12:36   0:00   1:38 
Jacob Trouba             0  0  0  -2  2   3  1  1  0  0  0/0    22:07   2:35   2:28 
Joe Thornton             0  1  1   1  2   3  1  1  0  0  18/27  18:09   2:49   0:00 
Joel Armia               0  0  0  -1  0   1  0  0  0  0  0/1     7:28   0:00   1:47 
Logan Couture            1  0  1   1  0   5  0  0  0  0  0/1    18:10   2:49   0:00 
Luke Glendening          0  0  0  -1  0   1  1  0  0  0  6/13    5:41   0:00   0:00 
Matthew Tkachuk          0  0  0  -2  0   0  1  0  0  0  0/1     9:35   0:00   0:11 
Nikolaj Ehlers           0  0  0   1  2   1  0  0  0  0  0/0    18:09   2:49   0:00 
Patrik Laine             0  0  0  -2  0   1  1  0  0  0  0/1    20:22   2:17   0:00 
Pierre-Edouard Bellemare 0  0  0  -1  0   0  1  2  0  0  1/2    10:03   0:00   4:22 
T.J. Brodie              1  0  1  -2  0   3  0  4  0  0  0/0    25:51   2:31   2:52 
Tyler Seguin             0  1  1  -2  0   6  2  0  0  0  19/38  24:36   2:17   4:14 

Players Stats for Lightning

Player Name              G  A  P  +/- PIM S  H  SB GA TA FO     MP     PP MP  PK MP  
------------------------------------------------------------------------------------
Andrej Sekera            0  0  0  -1  2   2  1  1  0  0  0/0    20:50   2:50   1:45 
Brad Hunt                0  1  1   2  0   0  1  1  0  0  0/0    16:08   0:00   1:48 
Brad Malone              1  1  2   2  0   1  2  0  0  0  9/24   14:37   1:09   1:33 
Chris Kunitz             0  0  0   0  0   0  3  0  0  0  1/3    18:48   3:27   0:00 
David Schlemko           0  0  0  -1  0   1  1  1  0  0  0/0    20:29   2:50   2:41 
Drew Stafford            1  0  1   0  0   1  0  0  0  0  0/1     4:37   0:27   1:38 
Erik Gudbranson          0  2  2   3  2   3  3  1  0  0  0/0    23:00   3:33   1:33 
Henrik Zetterberg        0  1  1   2  0   3  0  0  0  0  4/18   13:28   0:00   0:00 
Jannik Hansen            0  0  0   0  0   0  0  0  0  0  0/0     0:11   0:11   0:00 
Jeff Carter              0  0  0   0  0   1  0  0  0  0  10/15  10:15   1:47   0:41 
Johnny Gaudreau          1  0  1   2  0   7  0  0  0  0  0/2    20:07   2:45   0:00 
Jussi Jokinen            1  0  1   2  0   5  1  0  0  0  0/0    13:28   0:00   0:00 
Kyle Quincey             0  1  1   2  0   1  4  0  0  0  0/0    14:20   0:00   0:00 
Matt Hendricks           1  0  1   2  0   1  1  0  0  0  1/2    15:37   0:00   2:09 
Patric Hornqvist         0  3  3   2  2   13 3  0  0  0  0/1    22:22   2:29   0:00 
Tobias Rieder            0  1  1   0  0   10 0  0  0  0  0/0    20:01   3:27   1:25 
Travis Zajac             1  0  1   0  0   5  2  0  0  0  20/32  21:22   3:27   2:46 
Trevor Daley             0  1  1   3  0   2  1  1  0  0  0/0    25:11   3:33   2:25 

3 Stars

1 - Brad Malone (TBL)
2 - Patric Hornqvist (TBL)
3 - Erik Gudbranson (TBL)

Power Play

Panthers - 1 on 3 Attempt(s) - 33.33%
Lightning - 1 on 4 Attempt(s) - 25.00%

Penalty Kill

Panthers - 3 on 4 Attempt(s) - 75.00% - Score 0 goal in Penalty Kill
Lightning - 2 on 3 Attempt(s) - 66.67% - Score 0 goal in Penalty Kill

Team Stat

Panthers - Hits : 23 - Faceoff Wins : 53 - Blocked Shots : 14 - Penalty Minutes : 8
Lightning - Hits : 23 - Faceoff Wins : 45 - Blocked Shots : 5 - Penalty Minutes : 6

Official

Referees : Steve Kozari and Greg Kimmerly
Linesman : Tim Nowak and Brian Murphy

Game Notes

Jeff Carter is injured at 11:22 of 2nd period (Sprained Right Ankle)

Finance

Level 1 -- Attendance: 5855 (90.08%) -- Ticket Income 644 050 $
Level 2 -- Attendance: 3543 (70.86%) -- Ticket Income 336 585 $
Level 3 -- Attendance: 2500 (71.43%) -- Ticket Income 187 500 $
Level 4 -- Attendance: 2837 (88.55%) -- Ticket Income 127 665 $
Luxury Box -- Attendance: 489 (48.90%) -- Ticket Income 176 040 $
Game was played at the Amalie Arena.
Total Attendance: 15224 (79.28%)
Total Ticket Income: 1 471 840 $
Other Income: 721 202 $
Total Income: 2 193 042 $

% Time on Ice - Panthers

Lines # - Real PCT - Wanted PCT - Time Play
Normal Forward
1 - 37% - 40% - 18:05
2 - 32% - 30% - 15:21
3 - 19% - 20% - 9:24
4 - 12% - 10% - 5:41
Normal Defense
1 - 42% - 42% - 20:28
2 - 35% - 36% - 17:05
3 - 23% - 22% - 10:58
4 - 0% - 0% - 0:00
PP Forward
1 - 45% - 60% - 2:17
2 - 55% - 40% - 2:49
PP Defense
1 - 49% - 60% - 2:31
2 - 51% - 40% - 2:35
PK Forward
1 - 72% - 60% - 4:36
2 - 28% - 40% - 1:47
PK Defense
1 - 45% - 50% - 2:52
2 - 55% - 50% - 3:31
PK3 Forward
1 - 0% - 60%
2 - 0% - 40%
PK3 Defense
1 - 0% - 50%
2 - 0% - 50%
44 Forward
1 - 0% - 60%
2 - 0% - 40%
44 Defense
1 - 0% - 60%
2 - 0% - 40%
Last Minute Offensive  - 0:00
Last Minute Defensive  - 0:00
Total
Forward - 60:00
Defense - 60:00

% Time on Ice - Lightning

Lines # - Real PCT - Wanted PCT - Time Play
Normal Forward
1 - 36% - 40% - 17:22
2 - 31% - 30% - 15:09
3 - 28% - 20% - 13:28
4 - 5% - 10% - 2:32
Normal Defense
1 - 37% - 40% - 17:55
2 - 31% - 30% - 14:58
3 - 30% - 20% - 14:20
4 - 3% - 10% - 1:18
PP Forward
1 - 46% - 60% - 2:56
2 - 54% - 40% - 3:27
PP Defense
1 - 56% - 60% - 3:33
2 - 44% - 40% - 2:50
PK Forward
1 - 72% - 60% - 3:41
2 - 28% - 40% - 1:25
PK Defense
1 - 59% - 60% - 3:00
2 - 41% - 40% - 2:06
PK3 Forward
1 - 0% - 60%
2 - 0% - 40%
PK3 Defense
1 - 0% - 60%
2 - 0% - 40%
44 Forward
1 - 0% - 60%
2 - 0% - 40%
44 Defense
1 - 0% - 60%
2 - 0% - 40%
Last Minute Offensive  - 0:00
Last Minute Defensive  - 0:00
Total
Forward - 60:00
Defense - 60:00

Play-by-Play

1st period


0:01 of 1st period - Tyler Seguin wins face-off versus Jeff Carter in neutral zone.
0:17 of 1st period - Shot by Johnny Gaudreau.
0:17 of 1st period - Stopped by Braden Holtby without a rebound.
0:18 of 1st period - Joe Thornton wins face-off versus Travis Zajac in Panthers zone.
0:32 of 1st period - Icing by David Schlemko.
0:33 of 1st period - Travis Zajac wins face-off versus Adam Henrique in Lightning zone.
0:52 of 1st period - Shot by Alexander Kerfoot.
0:52 of 1st period - Stopped by Kari Lehtonen without a rebound.
0:53 of 1st period - Henrik Zetterberg wins face-off versus Luke Glendening in Lightning zone.
0:53 of 1st period - Henrik Zetterberg is hit by Luke Glendening.
1:06 of 1st period - Shot by Jussi Jokinen.
1:06 of 1st period - Shot Misses the Net.
1:08 of 1st period - Shot by Kyle Quincey.
1:08 of 1st period - Stopped by Braden Holtby without a rebound.
1:09 of 1st period - Jeff Carter wins face-off versus Tyler Seguin in Panthers zone.
1:12 of 1st period - Shot by Patric Hornqvist.
1:12 of 1st period - Shot Misses the Net.
1:14 of 1st period - Shot by Erik Gudbranson.
1:14 of 1st period - Stopped by Braden Holtby without a rebound.
1:15 of 1st period - Joe Thornton wins face-off versus Brad Malone in Panthers zone.
1:15 of 1st period - Joe Thornton is hit by Patric Hornqvist.
1:46 of 1st period - Shot by Joe Thornton.
1:46 of 1st period - Stopped by Kari Lehtonen without a rebound.
1:47 of 1st period - Tyler Seguin wins face-off versus Henrik Zetterberg in Lightning zone.
2:39 of 1st period - Blake Wheeler is hit by Chris Kunitz and loses puck.
3:01 of 1st period - Minor Penalty to Erik Gudbranson for Hooking.
3:02 of 1st period - Travis Zajac wins face-off versus Joe Thornton in Lightning zone.
3:19 of 1st period - Shot by Logan Couture.
3:19 of 1st period - Deflect By Joe Thornton.
3:19 of 1st period - Shot Misses the Net.
3:23 of 1st period - Shot by Charlie McAvoy.
3:23 of 1st period - Shot Misses the Net.
3:25 of 1st period - Shot by Jacob Trouba.
3:25 of 1st period - Shot Blocked by Andrej Sekera.
4:38 of 1st period - Shot by Jacob Trouba.
4:38 of 1st period - Stopped by Kari Lehtonen without a rebound.
4:39 of 1st period - Travis Zajac wins face-off versus Joe Thornton in Lightning zone.
5:10 of 1st period - Shot by Patric Hornqvist.
5:10 of 1st period - Stopped by Braden Holtby with a rebound.
5:12 of 1st period - Shot by Drew Stafford.
5:12 of 1st period - Goal by Drew Stafford - Panthers : 0 - Lightning : 1.
5:13 of 1st period - Luke Glendening wins face-off versus Jeff Carter in neutral zone.
5:34 of 1st period - Shot by Francois Beauchemin.
5:34 of 1st period - Stopped by Kari Lehtonen without a rebound.
5:35 of 1st period - Travis Zajac wins face-off versus Matthew Tkachuk in Lightning zone.
5:48 of 1st period - Shot by Tobias Rieder.
5:48 of 1st period - Shot Misses the Net.
5:50 of 1st period - Shot by Travis Zajac.
5:50 of 1st period - Stopped by Braden Holtby without a rebound.
5:51 of 1st period - Tyler Seguin wins face-off versus Jeff Carter in Panthers zone.
5:51 of 1st period - Tyler Seguin is hit by Patric Hornqvist.
6:22 of 1st period - Icing by Charlie McAvoy.
6:23 of 1st period - Travis Zajac wins face-off versus Tyler Seguin in Panthers zone.
6:24 of 1st period - Shot by Chris Kunitz.
6:24 of 1st period - Shot Misses the Net.
6:26 of 1st period - Shot by Chris Kunitz.
6:26 of 1st period - Shot Misses the Net.
6:52 of 1st period - Tobias Rieder is hit by Tyler Seguin and loses puck.
7:00 of 1st period - Trevor Daley is hit by Charlie McAvoy and loses puck.
7:08 of 1st period - Icing by Charlie McAvoy.
7:09 of 1st period - Jeff Carter wins face-off versus Tyler Seguin in Panthers zone.
7:09 of 1st period - Jeff Carter is hit by Charlie McAvoy.
7:30 of 1st period - Shot by Joe Thornton.
7:30 of 1st period - Shot Misses the Net.
7:36 of 1st period - Shot by Joe Thornton.
7:36 of 1st period - Shot Misses the Net.
7:38 of 1st period - Shot by T.J. Brodie.
7:38 of 1st period - Stopped by Kari Lehtonen without a rebound.
7:39 of 1st period - Adam Henrique wins face-off versus Henrik Zetterberg in Lightning zone.
7:39 of 1st period - Andy Greene is hit by Kyle Quincey and loses puck.
7:50 of 1st period - Shot by Henrik Zetterberg.
7:50 of 1st period - Stopped by Braden Holtby without a rebound.
7:51 of 1st period - Joe Thornton wins face-off versus Travis Zajac in Panthers zone.
8:03 of 1st period - Travis Zajac is hit by Drew Doughty.
8:23 of 1st period - Shot by Tobias Rieder.
8:23 of 1st period - Stopped by Braden Holtby without a rebound.
8:24 of 1st period - Jeff Carter wins face-off versus Adam Henrique in Panthers zone.
8:49 of 1st period - Shot by Johnny Gaudreau.
8:49 of 1st period - Stopped by Braden Holtby with a rebound.
9:36 of 1st period - Shot by Jussi Jokinen.
9:36 of 1st period - Shot Blocked by Pierre-Edouard Bellemare.
9:38 of 1st period - Shot by Jussi Jokinen.
9:38 of 1st period - Goal by Jussi Jokinen - Panthers : 0 - Lightning : 2.
9:39 of 1st period - Travis Zajac wins face-off versus Joe Thornton in neutral zone.
9:45 of 1st period - T.J. Brodie is hit by Kyle Quincey and loses puck.
9:59 of 1st period - Logan Couture is hit by Kyle Quincey and loses puck.
10:20 of 1st period - Shot by Joe Thornton.
10:20 of 1st period - Deflect By Nikolaj Ehlers.
10:20 of 1st period - Shot Misses the Net.
10:27 of 1st period - Travis Zajac is hit by Drew Doughty.
11:07 of 1st period - Shot by Jussi Jokinen.
11:07 of 1st period - Stopped by Braden Holtby without a rebound.
11:08 of 1st period - Jeff Carter wins face-off versus Adam Henrique in Panthers zone.
11:13 of 1st period - Shot by Patric Hornqvist.
11:13 of 1st period - Shot Misses the Net.
11:29 of 1st period - Shot by Jeff Carter.
11:29 of 1st period - Stopped by Braden Holtby without a rebound.
11:30 of 1st period - Tyler Seguin wins face-off versus Brad Malone in Panthers zone.
11:37 of 1st period - Shot by Tyler Seguin.
11:37 of 1st period - Shot Misses the Net.
12:14 of 1st period - Trevor Daley is hit by Blake Wheeler and loses puck.
12:57 of 1st period - Shot by Henrik Zetterberg.
12:57 of 1st period - Shot Blocked by T.J. Brodie.
13:01 of 1st period - Shot by Jussi Jokinen.
13:01 of 1st period - Deflect By Henrik Zetterberg.
13:01 of 1st period - Stopped by Braden Holtby without a rebound.
13:02 of 1st period - Travis Zajac wins face-off versus Joe Thornton in Panthers zone.
13:03 of 1st period - Shot by Tobias Rieder.
13:03 of 1st period - Stopped by Braden Holtby without a rebound.
13:04 of 1st period - Joe Thornton wins face-off versus Travis Zajac in Panthers zone.
13:04 of 1st period - Joe Thornton is hit by Chris Kunitz.
13:18 of 1st period - Shot by Nikolaj Ehlers.
13:18 of 1st period - Deflect By Joe Thornton.
13:18 of 1st period - Shot Misses the Net.
13:38 of 1st period - Shot by Tobias Rieder.
13:38 of 1st period - Stopped by Braden Holtby with a rebound.
13:40 of 1st period - Shot by Tobias Rieder.
13:40 of 1st period - Stopped by Braden Holtby without a rebound.
13:41 of 1st period - Tyler Seguin wins face-off versus Henrik Zetterberg in Panthers zone.
13:58 of 1st period - Shot by Tyler Seguin.
13:58 of 1st period - Shot Misses the Net.
14:00 of 1st period - Shot by Tyler Seguin.
14:00 of 1st period - Shot Misses the Net.
14:02 of 1st period - Shot by Tyler Seguin.
14:02 of 1st period - Deflect By Patrik Laine.
14:02 of 1st period - Shot Misses the Net.
14:04 of 1st period - Shot by Tyler Seguin.
14:04 of 1st period - Stopped by Kari Lehtonen without a rebound.
14:05 of 1st period - Jeff Carter wins face-off versus Joel Armia in Lightning zone.
14:15 of 1st period - Icing by Jacob Trouba.
14:16 of 1st period - Luke Glendening wins face-off versus Travis Zajac in Panthers zone.
14:16 of 1st period - Luke Glendening is hit by Chris Kunitz.
14:35 of 1st period - Icing by Travis Zajac.
14:36 of 1st period - Chris Kunitz wins face-off versus Tyler Seguin in Lightning zone.
14:36 of 1st period - Chris Kunitz is hit by Blake Wheeler.
15:20 of 1st period - Shot by Tyler Seguin.
15:20 of 1st period - Stopped by Kari Lehtonen without a rebound.
15:21 of 1st period - Joe Thornton wins face-off versus Henrik Zetterberg in Lightning zone.
15:24 of 1st period - Shot by Nikolaj Ehlers.
15:24 of 1st period - Shot Misses the Net.
15:26 of 1st period - Shot by Nikolaj Ehlers.
15:26 of 1st period - Stopped by Kari Lehtonen without a rebound.
15:27 of 1st period - Jeff Carter wins face-off versus Joe Thornton in Lightning zone.
15:48 of 1st period - Shot by Patric Hornqvist.
15:48 of 1st period - Shot Blocked by Charlie McAvoy.
15:52 of 1st period - Shot by Johnny Gaudreau.
15:52 of 1st period - Stopped by Braden Holtby with a rebound.
16:00 of 1st period - Shot by Jeff Carter.
16:00 of 1st period - Deflect By Patric Hornqvist.
16:00 of 1st period - Stopped by Braden Holtby with a rebound.
16:02 of 1st period - Shot by Patric Hornqvist.
16:02 of 1st period - Stopped by Braden Holtby without a rebound.
16:03 of 1st period - Adam Henrique wins face-off versus Henrik Zetterberg in Panthers zone.
16:23 of 1st period - Shot by Henrik Zetterberg.
16:23 of 1st period - Shot Misses the Net.
16:41 of 1st period - Icing by Matt Hendricks.
16:42 of 1st period - Tyler Seguin wins face-off versus Henrik Zetterberg in Lightning zone.
16:47 of 1st period - Shot by Blake Wheeler.
16:47 of 1st period - Stopped by Kari Lehtonen without a rebound.
16:48 of 1st period - Tyler Seguin wins face-off versus Jeff Carter in Lightning zone.
17:10 of 1st period - Shot by Patrik Laine.
17:10 of 1st period - Stopped by Kari Lehtonen with a rebound.
17:20 of 1st period - Shot by Tyler Seguin.
17:20 of 1st period - Shot Misses the Net.
17:57 of 1st period - Nikolaj Ehlers is hit by Kyle Quincey.
18:14 of 1st period - Minor Penalty to Drew Doughty for Hooking.
18:15 of 1st period - Travis Zajac wins face-off versus Tyler Seguin in Panthers zone.
19:19 of 1st period - Shot by Jeff Carter.
19:19 of 1st period - Shot Misses the Net.
19:21 of 1st period - Shot by Erik Gudbranson.
19:21 of 1st period - Shot Misses the Net.
19:43 of 1st period - Shot by Andrej Sekera.
19:43 of 1st period - Stopped by Braden Holtby without a rebound.
19:44 of 1st period - Adam Henrique wins face-off versus Brad Malone in Panthers zone.
19:59 of 1st period - Shot by Andrej Sekera.
19:59 of 1st period - Stopped by Braden Holtby without a rebound.
Goals for this period are 0 for Panthers vs 2 for Lightning.
Shots for this period are 10 for Panthers vs 21 for Lightning.

2nd period


0:01 of 2nd period - Jeff Carter wins face-off versus Tyler Seguin in neutral zone.
0:24 of 2nd period - Jacob Trouba is hit by Travis Zajac and loses puck.
0:50 of 2nd period - Shot by Nikolaj Ehlers.
0:50 of 2nd period - Deflect By Logan Couture.
0:50 of 2nd period - Stopped by Kari Lehtonen without a rebound.
0:51 of 2nd period - Jeff Carter wins face-off versus Tyler Seguin in Lightning zone.
0:56 of 2nd period - Shot by Patric Hornqvist.
0:56 of 2nd period - Shot Misses the Net.
1:26 of 2nd period - Shot by Patric Hornqvist.
1:26 of 2nd period - Stopped by Braden Holtby without a rebound.
1:27 of 2nd period - Adam Henrique wins face-off versus Henrik Zetterberg in Panthers zone.
1:42 of 2nd period - Brad Hunt is hit by Matthew Tkachuk and loses puck.
1:55 of 2nd period - Shot by Jussi Jokinen.
1:55 of 2nd period - Shot Blocked by Andy Greene.
2:28 of 2nd period - Logan Couture is hit by Matt Hendricks and loses puck.
2:45 of 2nd period - Shot by Joe Thornton.
2:45 of 2nd period - Shot Blocked by Erik Gudbranson.
2:55 of 2nd period - Shot by Patric Hornqvist.
2:55 of 2nd period - Shot Misses the Net.
2:57 of 2nd period - Shot by Jeff Carter.
2:57 of 2nd period - Deflect By Patric Hornqvist.
2:57 of 2nd period - Stopped by Braden Holtby without a rebound.
2:58 of 2nd period - Travis Zajac wins face-off versus Tyler Seguin in Panthers zone.
3:25 of 2nd period - Off-side.
3:26 of 2nd period - Jeff Carter wins face-off versus Luke Glendening in neutral zone.
3:45 of 2nd period - Shot by Patric Hornqvist.
3:45 of 2nd period - Stopped by Braden Holtby without a rebound.
3:46 of 2nd period - Joe Thornton wins face-off versus Brad Malone in Panthers zone.
4:01 of 2nd period - Shot by Logan Couture.
4:01 of 2nd period - Goal by Logan Couture - Panthers : 1 - Lightning : 2.
4:02 of 2nd period - Tyler Seguin wins face-off versus Chris Kunitz in neutral zone.
4:17 of 2nd period - Tyler Seguin is hit by Erik Gudbranson and loses puck.
4:36 of 2nd period - Shot by Travis Zajac.
4:36 of 2nd period - Stopped by Braden Holtby with a rebound.
4:38 of 2nd period - Shot by Travis Zajac.
4:38 of 2nd period - Shot Misses the Net.
4:40 of 2nd period - Shot by Tobias Rieder.
4:40 of 2nd period - Stopped by Braden Holtby with a rebound.
4:49 of 2nd period - Off-side.
4:50 of 2nd period - Joe Thornton wins face-off versus Jeff Carter in neutral zone.
5:03 of 2nd period - Shot by Jeff Carter.
5:03 of 2nd period - Deflect By Johnny Gaudreau.
5:03 of 2nd period - Shot Misses the Net.
5:07 of 2nd period - Shot by Jeff Carter.
5:07 of 2nd period - Shot Misses the Net.
5:09 of 2nd period - Shot by Jeff Carter.
5:09 of 2nd period - Shot Misses the Net.
5:11 of 2nd period - Shot by Andrej Sekera.
5:11 of 2nd period - Shot Misses the Net.
5:13 of 2nd period - Shot by David Schlemko.
5:13 of 2nd period - Shot Misses the Net.
5:23 of 2nd period - Shot by Patric Hornqvist.
5:23 of 2nd period - Stopped by Braden Holtby with a rebound.
5:25 of 2nd period - Shot by David Schlemko.
5:25 of 2nd period - Stopped by Braden Holtby without a rebound.
5:26 of 2nd period - Adam Henrique wins face-off versus Henrik Zetterberg in Panthers zone.
5:41 of 2nd period - Shot by Adam Henrique.
5:41 of 2nd period - Shot Misses the Net.
7:39 of 2nd period - Shot by Tobias Rieder.
7:39 of 2nd period - Stopped by Braden Holtby without a rebound.
7:40 of 2nd period - Brad Malone wins face-off versus Luke Glendening in Panthers zone.
7:45 of 2nd period - Shot by Brad Malone.
7:45 of 2nd period - Shot Misses the Net.
8:13 of 2nd period - Shot by Luke Glendening.
8:13 of 2nd period - Stopped by Kari Lehtonen without a rebound.
8:14 of 2nd period - Joe Thornton wins face-off versus Travis Zajac in Lightning zone.
8:31 of 2nd period - Shot by Travis Zajac.
8:31 of 2nd period - Stopped by Braden Holtby without a rebound.
8:32 of 2nd period - Adam Henrique wins face-off versus Henrik Zetterberg in Panthers zone.
8:51 of 2nd period - Shot by Henrik Zetterberg.
8:51 of 2nd period - Shot Misses the Net.
8:53 of 2nd period - Shot by Jussi Jokinen.
8:53 of 2nd period - Stopped by Braden Holtby with a rebound.
9:01 of 2nd period - Shot by Henrik Zetterberg.
9:01 of 2nd period - Deflect By Matt Hendricks.
9:01 of 2nd period - Shot Misses the Net.
9:03 of 2nd period - Shot by Matt Hendricks.
9:03 of 2nd period - Goal by Matt Hendricks - Panthers : 1 - Lightning : 3.
9:04 of 2nd period - Tyler Seguin wins face-off versus Travis Zajac in neutral zone.
9:25 of 2nd period - Shot by Trevor Daley.
9:25 of 2nd period - Shot Blocked by Jacob Trouba.
9:26 of 2nd period - Minor Penalty to Jacob Trouba for Slashing.
9:27 of 2nd period - Tyler Seguin wins face-off versus Patric Hornqvist in Panthers zone.
10:36 of 2nd period - Pierre-Edouard Bellemare is hit by Travis Zajac and loses puck.
11:20 of 2nd period - Icing by David Schlemko.
11:21 of 2nd period - Jeff Carter wins face-off versus Tyler Seguin in Lightning zone.
11:21 of 2nd period - Jeff Carter is hit by Tyler Seguin.
11:22 of 2nd period - Jeff Carter from Lightning is injured at 11:22 of 2nd period (Sprained Right Ankle).
11:23 of 2nd period - Tyler Seguin wins face-off versus Brad Malone in Lightning zone.
11:43 of 2nd period - Henrik Zetterberg is hit by Francois Beauchemin and loses puck.
12:42 of 2nd period - Shot by Tyler Seguin.
12:42 of 2nd period - Stopped by Kari Lehtonen without a rebound.
12:43 of 2nd period - Brad Malone wins face-off versus Pierre-Edouard Bellemare in Lightning zone.
12:54 of 2nd period - Shot by Brad Malone.
12:54 of 2nd period - Shot Misses the Net.
12:56 of 2nd period - Shot by Patric Hornqvist.
12:56 of 2nd period - Stopped by Braden Holtby without a rebound.
12:57 of 2nd period - Travis Zajac wins face-off versus Adam Henrique in Panthers zone.
13:15 of 2nd period - Shot by Matthew Tkachuk.
13:15 of 2nd period - Shot Blocked by David Schlemko.
13:36 of 2nd period - Adam Henrique is hit by Andrej Sekera and loses puck.
14:04 of 2nd period - Minor Penalty to Patric Hornqvist for High sticking.
14:05 of 2nd period - Joe Thornton wins face-off versus Drew Stafford in Lightning zone.
14:33 of 2nd period - Shot by Logan Couture.
14:33 of 2nd period - Shot Misses the Net.
14:35 of 2nd period - Shot by Logan Couture.
14:35 of 2nd period - Stopped by Kari Lehtonen without a rebound.
14:36 of 2nd period - Matt Hendricks wins face-off versus Tyler Seguin in Lightning zone.
14:36 of 2nd period - Trevor Daley is hit by Blake Wheeler and loses puck.
14:53 of 2nd period - Andrej Sekera is hit by Patrik Laine and loses puck.
15:08 of 2nd period - Shot by Tyler Seguin.
15:08 of 2nd period - Shot Misses the Net.
15:10 of 2nd period - Shot by Drew Doughty.
15:10 of 2nd period - Shot Hit the Post.
15:12 of 2nd period - Shot by T.J. Brodie.
15:12 of 2nd period - Goal by T.J. Brodie - Panthers : 2 - Lightning : 3.
15:13 of 2nd period - Joe Thornton wins face-off versus Brad Malone in neutral zone.
15:22 of 2nd period - Shot by Johnny Gaudreau.
15:22 of 2nd period - Shot Misses the Net.
15:32 of 2nd period - Shot by Logan Couture.
15:32 of 2nd period - Shot Misses the Net.
15:34 of 2nd period - Shot by Nikolaj Ehlers.
15:34 of 2nd period - Shot Misses the Net.
15:48 of 2nd period - Minor Penalty to Joe Thornton for Roughing.
15:49 of 2nd period - Tyler Seguin wins face-off versus Travis Zajac in Panthers zone.
16:12 of 2nd period - Shot by Tobias Rieder.
16:12 of 2nd period - Shot Misses the Net.
16:14 of 2nd period - Shot by Travis Zajac.
16:14 of 2nd period - Goal by Travis Zajac - Panthers : 2 - Lightning : 4.
16:15 of 2nd period - Adam Henrique wins face-off versus Henrik Zetterberg in neutral zone.
17:05 of 2nd period - Off-side.
17:06 of 2nd period - Brad Malone wins face-off versus Patrik Laine in neutral zone.
17:11 of 2nd period - Shot by Johnny Gaudreau.
17:11 of 2nd period - Shot Misses the Net.
17:17 of 2nd period - Shot by Johnny Gaudreau.
17:17 of 2nd period - Stopped by Braden Holtby with a rebound.
17:23 of 2nd period - Shot by Patric Hornqvist.
17:23 of 2nd period - Stopped by Braden Holtby without a rebound.
17:24 of 2nd period - Joe Thornton wins face-off versus Travis Zajac in Panthers zone.
18:45 of 2nd period - Tyler Seguin is hit by Erik Gudbranson and loses puck.
19:10 of 2nd period - Shot by Johnny Gaudreau.
19:10 of 2nd period - Goal by Johnny Gaudreau - Panthers : 2 - Lightning : 5.
19:11 of 2nd period - Luke Glendening wins face-off versus Henrik Zetterberg in neutral zone.
19:41 of 2nd period - Icing by T.J. Brodie.
19:42 of 2nd period - Brad Malone wins face-off versus Luke Glendening in Panthers zone.
19:47 of 2nd period - Shot by Patric Hornqvist.
19:47 of 2nd period - Shot Blocked by Drew Doughty.
19:49 of 2nd period - Shot by Johnny Gaudreau.
19:49 of 2nd period - Shot Blocked by T.J. Brodie.
19:51 of 2nd period - Shot by Patric Hornqvist.
19:51 of 2nd period - Stopped by Braden Holtby without a rebound.
19:52 of 2nd period - Brad Malone wins face-off versus Joe Thornton in Panthers zone.
Goals for this period are 2 for Panthers vs 3 for Lightning.
Shots for this period are 6 for Panthers vs 17 for Lightning.

3rd period


0:01 of 3rd period - Tyler Seguin wins face-off versus Johnny Gaudreau in neutral zone.
0:11 of 3rd period - Off-side.
0:12 of 3rd period - Travis Zajac wins face-off versus Logan Couture in neutral zone.
0:12 of 3rd period - Travis Zajac is hit by Joe Thornton.
1:10 of 3rd period - Off-side.
1:11 of 3rd period - Tyler Seguin wins face-off versus Henrik Zetterberg in neutral zone.
1:16 of 3rd period - Icing by Matt Hendricks.
1:17 of 3rd period - Henrik Zetterberg wins face-off versus Tyler Seguin in Lightning zone.
2:07 of 3rd period - Off-side.
2:08 of 3rd period - Brad Malone wins face-off versus Joe Thornton in neutral zone.
2:16 of 3rd period - Shot by Drew Doughty.
2:16 of 3rd period - Shot Blocked by Trevor Daley.
2:18 of 3rd period - Shot by Logan Couture.
2:18 of 3rd period - Stopped by Kari Lehtonen with a rebound.
2:20 of 3rd period - Shot by Logan Couture.
2:20 of 3rd period - Stopped by Kari Lehtonen without a rebound.
2:21 of 3rd period - Adam Henrique wins face-off versus Travis Zajac in Lightning zone.
2:24 of 3rd period - Shot by Matthew Tkachuk.
2:24 of 3rd period - Shot Misses the Net.
2:33 of 3rd period - Tobias Rieder is hit by Andy Greene and loses puck.
2:48 of 3rd period - Shot by Tobias Rieder.
2:48 of 3rd period - Stopped by Braden Holtby without a rebound.
2:49 of 3rd period - Joe Thornton wins face-off versus Brad Malone in Panthers zone.
2:49 of 3rd period - Joe Thornton is hit by Patric Hornqvist.
3:03 of 3rd period - Shot by Joe Thornton.
3:03 of 3rd period - Stopped by Kari Lehtonen with a rebound.
3:12 of 3rd period - Icing by Erik Gudbranson.
3:13 of 3rd period - Tyler Seguin wins face-off versus Brad Malone in Lightning zone.
3:40 of 3rd period - Shot by Tyler Seguin.
3:40 of 3rd period - Stopped by Kari Lehtonen without a rebound.
3:41 of 3rd period - Joe Thornton wins face-off versus Travis Zajac in Lightning zone.
3:57 of 3rd period - Minor Penalty to Nikolaj Ehlers for Charging.
3:58 of 3rd period - Tyler Seguin wins face-off versus Brad Malone in Panthers zone.
4:05 of 3rd period - Shot by Tyler Seguin.
4:05 of 3rd period - Shot Misses the Net.
4:11 of 3rd period - Shot by Pierre-Edouard Bellemare.
4:11 of 3rd period - Shot Misses the Net.
4:13 of 3rd period - Shot by Tyler Seguin.
4:13 of 3rd period - Stopped by Kari Lehtonen without a rebound.
4:14 of 3rd period - Travis Zajac wins face-off versus Tyler Seguin in Lightning zone.
4:25 of 3rd period - Shot by Trevor Daley.
4:25 of 3rd period - Stopped by Braden Holtby without a rebound.
4:26 of 3rd period - Travis Zajac wins face-off versus Tyler Seguin in Panthers zone.
4:34 of 3rd period - Tobias Rieder is hit by Jacob Trouba and loses puck.
4:45 of 3rd period - Shot by Tobias Rieder.
4:45 of 3rd period - Stopped by Braden Holtby without a rebound.
4:46 of 3rd period - Tyler Seguin wins face-off versus Brad Malone in Panthers zone.
5:05 of 3rd period - Shot by Patric Hornqvist.
5:05 of 3rd period - Stopped by Braden Holtby without a rebound.
5:06 of 3rd period - Travis Zajac wins face-off versus Tyler Seguin in Panthers zone.
5:09 of 3rd period - Shot by Travis Zajac.
5:09 of 3rd period - Stopped by Braden Holtby with a rebound.
5:13 of 3rd period - Shot by Chris Kunitz.
5:13 of 3rd period - Deflect By Tobias Rieder.
5:13 of 3rd period - Shot Misses the Net.
5:15 of 3rd period - Shot by Erik Gudbranson.
5:15 of 3rd period - Shot Misses the Net.
5:17 of 3rd period - Shot by Erik Gudbranson.
5:17 of 3rd period - Stopped by Braden Holtby with a rebound.
6:31 of 3rd period - Shot by Jussi Jokinen.
6:31 of 3rd period - Shot Blocked by Andy Greene.
6:33 of 3rd period - Shot by Kyle Quincey.
6:33 of 3rd period - Shot Misses the Net.
7:09 of 3rd period - Icing by Francois Beauchemin.
7:10 of 3rd period - Joe Thornton wins face-off versus Chris Kunitz in Panthers zone.
7:24 of 3rd period - Trevor Daley is hit by Drew Doughty and loses puck.
7:27 of 3rd period - Shot by Trevor Daley.
7:27 of 3rd period - Shot Blocked by T.J. Brodie.
7:51 of 3rd period - Tyler Seguin is hit by Brad Hunt and loses puck.
8:30 of 3rd period - Shot by Adam Henrique.
8:30 of 3rd period - Deflect By Matthew Tkachuk.
8:30 of 3rd period - Shot Blocked by Brad Hunt.
8:32 of 3rd period - Shot by Jacob Trouba.
8:32 of 3rd period - Stopped by Kari Lehtonen without a rebound.
8:33 of 3rd period - Luke Glendening wins face-off versus Henrik Zetterberg in Lightning zone.
8:45 of 3rd period - Shot by Joel Armia.
8:45 of 3rd period - Stopped by Kari Lehtonen without a rebound.
8:46 of 3rd period - Adam Henrique wins face-off versus Matt Hendricks in Lightning zone.
9:05 of 3rd period - Shot by Jussi Jokinen.
9:05 of 3rd period - Stopped by Braden Holtby without a rebound.
9:06 of 3rd period - Tyler Seguin wins face-off versus Travis Zajac in Panthers zone.
9:22 of 3rd period - Shot by Jacob Trouba.
9:22 of 3rd period - Shot Misses the Net.
9:24 of 3rd period - Shot by Jacob Trouba.
9:24 of 3rd period - Stopped by Kari Lehtonen with a rebound.
9:26 of 3rd period - Shot by Charlie McAvoy.
9:26 of 3rd period - Stopped by Kari Lehtonen without a rebound.
9:27 of 3rd period - Joe Thornton wins face-off versus Brad Malone in Lightning zone.
9:36 of 3rd period - Shot by Patric Hornqvist.
9:36 of 3rd period - Shot Misses the Net.
9:38 of 3rd period - Shot by Brad Malone.
9:38 of 3rd period - Shot Blocked by Joe Thornton.
9:42 of 3rd period - Shot by Trevor Daley.
9:42 of 3rd period - Shot Misses the Net.
9:47 of 3rd period - Johnny Gaudreau is hit by Drew Doughty.
9:55 of 3rd period - Shot by Patric Hornqvist.
9:55 of 3rd period - Shot Blocked by T.J. Brodie.
10:00 of 3rd period - Johnny Gaudreau is hit by Drew Doughty and loses puck.
10:05 of 3rd period - Shot by Patric Hornqvist.
10:05 of 3rd period - Shot Hit the Post.
10:07 of 3rd period - Shot by Erik Gudbranson.
10:07 of 3rd period - Stopped by Braden Holtby without a rebound.
10:08 of 3rd period - Travis Zajac wins face-off versus Tyler Seguin in Panthers zone.
10:13 of 3rd period - Shot by Tobias Rieder.
10:13 of 3rd period - Stopped by Braden Holtby without a rebound.
10:14 of 3rd period - Travis Zajac wins face-off versus Tyler Seguin in Panthers zone.
10:14 of 3rd period - Travis Zajac is hit by Charlie McAvoy.
11:18 of 3rd period - Icing by T.J. Brodie.
11:19 of 3rd period - Joe Thornton wins face-off versus Johnny Gaudreau in Panthers zone.
11:23 of 3rd period - T.J. Brodie is hit by Erik Gudbranson and loses puck.
11:34 of 3rd period - Shot by Patric Hornqvist.
11:34 of 3rd period - Stopped by Braden Holtby with a rebound.
11:42 of 3rd period - Shot by Patric Hornqvist.
11:42 of 3rd period - Shot Blocked by Drew Doughty.
11:44 of 3rd period - Shot by Trevor Daley.
11:44 of 3rd period - Stopped by Braden Holtby without a rebound.
11:45 of 3rd period - Henrik Zetterberg wins face-off versus Alexander Kerfoot in Panthers zone.
11:45 of 3rd period - Matt Hendricks is hit by Francois Beauchemin and loses puck.
11:58 of 3rd period - Shot by Henrik Zetterberg.
11:58 of 3rd period - Shot Misses the Net.
12:10 of 3rd period - Shot by Henrik Zetterberg.
12:10 of 3rd period - Stopped by Braden Holtby without a rebound.
12:11 of 3rd period - Luke Glendening wins face-off versus Brad Malone in Panthers zone.
12:13 of 3rd period - Icing by Joel Armia.
12:14 of 3rd period - Luke Glendening wins face-off versus Brad Malone in Panthers zone.
12:14 of 3rd period - Luke Glendening is hit by Brad Malone.
12:17 of 3rd period - Icing by Charlie McAvoy.
12:18 of 3rd period - Brad Malone wins face-off versus Luke Glendening in Panthers zone.
12:19 of 3rd period - Shot by Patric Hornqvist.
12:19 of 3rd period - Stopped by Braden Holtby without a rebound.
12:20 of 3rd period - Brad Malone wins face-off versus Tyler Seguin in Panthers zone.
12:21 of 3rd period - Shot by Patric Hornqvist.
12:21 of 3rd period - Shot Misses the Net.
12:23 of 3rd period - Shot by Brad Malone.
12:23 of 3rd period - Goal by Brad Malone - Panthers : 2 - Lightning : 6.
12:24 of 3rd period - Brad Malone wins face-off versus Tyler Seguin in neutral zone.
12:33 of 3rd period - Shot by Blake Wheeler.
12:33 of 3rd period - Stopped by Kari Lehtonen without a rebound.
12:34 of 3rd period - Joe Thornton wins face-off versus Brad Malone in Lightning zone.
12:34 of 3rd period - Joe Thornton is hit by Trevor Daley.
13:07 of 3rd period - Shot by Johnny Gaudreau.
13:07 of 3rd period - Stopped by Braden Holtby without a rebound.
13:08 of 3rd period - Tyler Seguin wins face-off versus Travis Zajac in Panthers zone.
13:17 of 3rd period - Shot by Tyler Seguin.
13:17 of 3rd period - Stopped by Kari Lehtonen without a rebound.
13:18 of 3rd period - Henrik Zetterberg wins face-off versus Luke Glendening in Lightning zone.
13:33 of 3rd period - Shot by Matt Hendricks.
13:33 of 3rd period - Deflect By Henrik Zetterberg.
13:33 of 3rd period - Shot Blocked by Pierre-Edouard Bellemare.
14:13 of 3rd period - Jacob Trouba is hit by David Schlemko and loses puck.
14:38 of 3rd period - Minor Penalty to Andrej Sekera for Tripping.
14:39 of 3rd period - Travis Zajac wins face-off versus Joe Thornton in Lightning zone.
14:52 of 3rd period - Shot by Joe Thornton.
14:52 of 3rd period - Stopped by Kari Lehtonen without a rebound.
14:53 of 3rd period - Travis Zajac wins face-off versus Tyler Seguin in Lightning zone.
15:30 of 3rd period - Shot by T.J. Brodie.
15:30 of 3rd period - Stopped by Kari Lehtonen without a rebound.
15:31 of 3rd period - Travis Zajac wins face-off versus Joe Thornton in Lightning zone.
15:40 of 3rd period - Shot by Drew Stafford.
15:40 of 3rd period - Shot Misses the Net.
16:49 of 3rd period - Shot by Johnny Gaudreau.
16:49 of 3rd period - Stopped by Braden Holtby without a rebound.
16:50 of 3rd period - Pierre-Edouard Bellemare wins face-off versus Brad Malone in Panthers zone.
16:50 of 3rd period - Pierre-Edouard Bellemare is hit by Brad Malone.
17:18 of 3rd period - Kyle Quincey is hit by Pierre-Edouard Bellemare and loses puck.
17:28 of 3rd period - Icing by Francois Beauchemin.
17:29 of 3rd period - Travis Zajac wins face-off versus Luke Glendening in Panthers zone.
17:52 of 3rd period - Shot by Tobias Rieder.
17:52 of 3rd period - Shot Misses the Net.
17:58 of 3rd period - Shot by Tobias Rieder.
17:58 of 3rd period - Stopped by Braden Holtby without a rebound.
17:59 of 3rd period - Joe Thornton wins face-off versus Henrik Zetterberg in Panthers zone.
17:59 of 3rd period - Joe Thornton is hit by Jussi Jokinen.
18:34 of 3rd period - Shot by Henrik Zetterberg.
18:34 of 3rd period - Shot Blocked by Charlie McAvoy.
18:36 of 3rd period - Shot by Jussi Jokinen.
18:36 of 3rd period - Stopped by Braden Holtby with a rebound.
18:53 of 3rd period - Patric Hornqvist is hit by Blake Wheeler and loses puck.
19:59 of 3rd period - Icing by T.J. Brodie.
Goals for this period are 0 for Panthers vs 1 for Lightning.
Shots for this period are 13 for Panthers vs 18 for Lightning.